Map: Habitation Station LE (Void)

Players

Erik

  • Race: Zerg Zerg
  • Spawn Location: 11:00

DeMusliM - Winner!

  • Race: Terran Terran
  • League: Master
  • Spawn Location: 1:00

Event: WESG 2016 Finals

VOD

Have the link to the VOD?

Description

Time

  • Played on: Jan. 11, 2017, 11:13 p.m.
  • Length: 15:01

All games in this series

Show
View Real Time Build Order
Export as new Build Order

Erik Zerg 

Build Orders: Pool First 

Get SALT Encoding   

  12  0:01  Drone  
  13  0:13  Overlord  
  13  0:17  Drone  
  14  0:31  Drone  
  14  0:32  Drone  
  17  0:35  Drone  
  17  0:46  Spawning Pool  
  17  0:48  Drone  
  17  1:10  Hatchery  
  16  1:14  Drone  
  16  1:15  Extractor  
  16  1:20  Drone  
  17  1:34  Zergling x2  
  17  1:35  Queen  
  17  1:39  Drone  
  21  1:42  Overlord  
  21  1:51  Drone  
  22  2:01  Drone  
  23  2:12  Drone  
  24  2:16  Metabolic Boost, Queen  
  26  2:23  Drone x2  
  28  2:34  Queen  
  28  2:36  Drone x2  
  31  2:46  Drone x3  
  31  2:47  Drone  
  31  2:48  Drone  
  36  2:55  Overlord  
  36  2:59  Overlord  
  36  3:02  Evolution Chamber  
  36  3:05  Drone  
  36  3:18  Zergling x4  
  38  3:20  Drone  
  38  3:25  Drone x3  
  42  3:27  Drone  
  42  3:30  Zerg Ground Armor Level 1  
  43  3:35  Drone  
  43  3:37  Drone  
  45  3:52  Drone x3, Hatchery  
  45  3:53  Drone  
  48  3:57  Drone x2  
  48  3:58  Drone x2  
  51  4:04  Drone  
  52  4:14  Overlord  
  52  4:15  Overlord  
  52  4:31  Queen x2  
  52  4:33  Zergling x12  
  52  4:37  Zergling x2  
  52  4:38  Zergling x6  
  66  4:43  Zergling x2  
  67  4:53  Spore Crawler  
  67  4:54  Overlord  
  67  4:57  Zergling x2  
  67  5:03  Queen  
  67  5:07  Baneling Nest, Extractor  
  68  5:08  Zergling x6  
  68  5:09  Zergling x2  
  67  5:15  Zergling x8  
  66  5:22  Drone x3  
  69  5:30  Drone x2  
  68  5:42  Zergling x2  
  68  5:43  Zergling x12  
  68  5:45  Drone x2  
  68  5:47  Queen x2  
  68  5:48  Queen  
  81  5:58  Overlord  
  81  5:59  Overlord  
  81  6:10  Overlord  
  79  6:19  Drone x2  
  79  6:21  Overlord  
  79  6:23  Zerg Melee Weapons Level 1  
  79  6:24  Lair  
  81  6:27  Evolution Chamber  
  79  6:33  Baneling x3  
  76  6:42  Zergling x2  
  76  6:43  Zergling x12  
  76  6:44  Drone x3  
  85  6:48  Drone  
  86  6:54  Drone x2  
  86  6:57  Drone  
  86  7:01  Extractor  
  88  7:05  Extractor, Hatchery x2, Spine Crawler  
  88  7:06  Overlord  
  84  7:12  Drone x5  
  89  7:15  Drone  
  89  7:21  Hatchery  
  88  7:25  Baneling x3  
  88  7:26  Baneling x2  
  88  7:30  Zergling x2  
  88  7:31  Zergling x16  
  88  7:34  Overlord x2  
  97  7:42  Overlord  
  97  7:46  Centrifical Hooks  
  97  7:50  Zerg Ground Armor Level 2  
  97  7:52  Drone  
  97  7:53  Drone x3  
  97  7:57  Zergling x2  
  97  7:58  Zergling x8  
  102  8:03  Drone  
  95  8:09  Drone x3  
  95  8:10  Drone x2  
  99  8:16  Queen  
  101  8:20  Zergling x16  
  108  8:28  Overseer  
  108  8:29  Baneling x4  
  108  8:30  Baneling x5  
  107  8:42  Zergling x20  
  107  8:46  Drone x4  
  107  8:47  Queen  
  123  8:50  Infestation Pit  
  123  8:51  Drone  
  123  8:52  Queen  
  125  9:02  Drone  
  125  9:03  Drone x3  
  125  9:08  Drone x3  
  125  9:09  Drone  
  132  9:18  Zergling x2  
  132  9:19  Zergling x2  
  132  9:21  Overlord x3  
  133  9:26  Baneling  
  133  9:27  Baneling x10  
  133  9:29  Overlord  
  133  9:38  Queen  
  126  9:49  Zergling x20  
  126  9:50  Zergling x20  
  141  10:08  Zergling x2  
  141  10:09  Zergling x32  
  141  10:12  Zerg Melee Weapons Level 2, Hive  
  158  10:16  Extractor  
  158  10:18  Extractor  
  156  10:21  Spire  
  156  10:22  Drone x3  
  158  10:33  Baneling x7  
  158  10:34  Baneling x9  
  159  10:35  Zergling x2  
  159  10:36  Zergling x14  
  159  10:38  Overlord  
  154  10:53  Zergling x2  
  154  10:54  Zergling x30  
  156  11:12  Drone x4  
  156  11:13  Drone  
  156  11:15  Zergling x22  
  172  11:25  Zergling x4  
  172  11:31  Adrenal Glands  
  173  11:32  Overlord  
  173  11:34  Ultralisk Cavern  
  158  11:42  Overlord x2  
  158  11:46  Zergling x30  
  163  11:58  Zergling x2  
  163  11:59  Zergling x8  
  160  12:02  Extractor  
  160  12:04  Extractor  
  158  12:12  Baneling x16  
  153  12:20  Hatchery, Zergling x2  
  153  12:21  Zergling x22  
  144  12:28  Baneling x11  
  129  12:48  Ultralisk x2  
  135  12:55  Ultralisk  
  141  13:00  Ultralisk  
  134  13:13  Ultralisk x2  
  134  13:15  Chitinous Plating  
  110  13:36  Zergling x2  
  110  13:37  Zergling x4  
  110  13:38  Zergling x20  
  110  13:47  Ultralisk  
  116  13:52  Zergling x6  
  116  13:53  Zergling x6  
  119  14:08  Ultralisk  
Show
View Real Time Build Order
Export as new Build Order

DeMusliM Terran - Winner!

Build Orders: Reaper Expand, Bio Mine 

Get SALT Encoding   

  12  0:00  SCV  
  13  0:13  SCV  
  14  0:17  Supply Depot  
  14  0:25  SCV  
  15  0:38  SCV  
  15  0:41  Barracks  
  16  0:44  Refinery  
  16  0:50  SCV  
  17  1:02  SCV  
  18  1:15  SCV  
  19  1:28  Orbital Command, Reaper  
  20  1:38  Command Center  
  20  1:48  Barracks  
  20  1:55  SCV  
  20  2:00  Barracks Reactor  
  21  2:03  Supply Depot  
  21  2:07  SCV  
  22  2:16  Refinery  
  22  2:19  SCV  
  23  2:28  Factory  
  23  2:31  SCV  
  24  2:37  Marine x2  
  24  2:38  Barracks Tech Lab  
  27  2:44  SCV  
  27  2:56  Marine x3, SCV  
  31  2:58  Stimpack  
  31  3:03  Orbital Command  
  31  3:13  SCV  
  31  3:15  Marine x3  
  35  3:22  Starport  
  35  3:25  Factory Reactor  
  35  3:28  SCV  
  35  3:31  SCV  
  35  3:33  Marine  
  38  3:35  Marine  
  38  3:37  Marine  
  40  3:46  SCV  
  40  3:47  SCV  
  42  3:48  Supply Depot  
  42  3:55  Engineering Bay  
  42  3:57  Marine x3  
  42  4:01  SCV  
  46  4:10  SCV  
  46  4:11  Medivac x2  
  46  4:14  Supply Depot  
  46  4:15  Marine  
  52  4:18  Marine  
  52  4:19  Marine  
  52  4:21  Terran Infantry Weapons Level 1  
  52  4:23  Supply Depot  
  54  4:36  Marine x2, SCV  
  54  4:38  SCV  
  58  4:41  Supply Depot  
  58  4:42  Marine  
  59  4:47  Medivac  
  59  4:48  SCV  
  59  4:50  SCV  
  63  4:53  Marine  
  63  4:54  Marine  
  63  4:57  Viking  
  67  5:00  Marine, SCV  
  67  5:04  SCV, Supply Depot  
  70  5:07  Combat Shields  
  70  5:11  Marine  
  70  5:12  Marine, SCV  
  73  5:18  Marine  
  74  5:28  SCV x2  
  75  5:29  Marine  
  75  5:30  Marine  
  75  5:32  Medivac  
  79  5:35  Marine  
  71  5:47  Marine x2  
  75  5:50  Command Center  
  75  5:53  Marine  
  76  5:57  SCV x2  
  76  6:02  Factory Reactor  
  76  6:04  Barracks x2  
  76  6:05  Barracks, Marine x2, Refinery  
  76  6:06  Refinery  
  78  6:18  Marine  
  79  6:19  Terran Infantry Armor Level 1  
  79  6:23  Marine  
  81  6:25  SCV x2  
  81  6:29  Marine  
  81  6:31  Medivac  
  85  6:37  Marauder, SCV  
  84  6:40  Marine  
  84  6:44  Widow Mine x2  
  85  6:47  Marine  
  85  6:52  Barracks Reactor x2  
  86  6:57  Supply Depot  
  86  6:58  SCV, Medivac  
  86  6:59  Marauder, Marine  
  92  7:05  Marine  
  93  7:14  Barracks Reactor  
  93  7:16  Marine  
  93  7:18  Widow Mine x2  
  93  7:19  SCV, Orbital Command  
  93  7:20  Marauder, SCV  
  102  7:24  Armory  
  102  7:26  Medivac  
  102  7:27  Concussive Shells  
  104  7:31  Marine  
  105  7:40  Marine x2  
  105  7:41  Marine, Marauder  
  110  7:45  Engineering Bay  
  110  7:46  SCV x2  
  110  7:50  Marine x2  
  114  7:52  Marine x2, Supply Depot x2  
  114  7:56  Marine  
  114  7:58  Orbital Command  
  117  8:13  Marine x2  
  117  8:14  Marauder  
  117  8:15  Marine  
  117  8:16  Marine  
  117  8:18  SCV  
  117  8:19  SCV  
  125  8:24  SCV  
  125  8:27  Terran Infantry Weapons Level 2  
  126  8:28  Supply Depot  
  126  8:29  Supply Depot  
  126  8:30  SCV  
  126  8:32  SCV  
  128  8:35  Marauder  
  128  8:39  SCV  
  128  8:40  Marine x2  
  128  8:41  Terran Infantry Armor Level 2  
  133  8:49  Marine x4  
  133  8:50  SCV  
  133  8:52  Terran Vehicle And Ship Armor Level 1  
  133  8:53  Supply Depot x2  
  133  8:55  SCV x2  
  140  8:56  Marauder  
  140  9:00  Marine x2  
  140  9:02  SCV  
  145  9:04  Marine  
  145  9:07  Factory  
  145  9:09  SCV x2  
  148  9:11  Marine  
  148  9:12  Refinery  
  148  9:14  Marine x2  
  151  9:18  Marauder  
  151  9:19  Supply Depot  
  151  9:20  Supply Depot  
  151  9:24  Marine x4  
  153  9:26  Medivac x2, Missile Turret  
  153  9:30  Supply Depot  
  161  9:34  Bunker  
  161  9:36  Marine  
  161  9:37  Marine x2  
  164  9:41  Marauder  
  164  9:42  Marine  
  159  9:46  Widow Mine  
  159  9:47  Widow Mine  
  163  9:56  Marine x2  
  163  9:57  Command Center  
  163  9:58  Factory Tech Lab  
  165  10:02  Marauder  
  165  10:04  Marine x6  
  173  10:13  Barracks x2  
  173  10:14  Marine x2  
  173  10:17  Medivac x2  
  173  10:18  Widow Mine x2  
  183  10:21  Marine  
  183  10:22  Marine  
  183  10:24  Marauder  
  187  10:33  Marine  
  187  10:45  Marauder  
  187  10:46  Thor  
  187  10:49  Marine  
  186  10:53  Marine  
  186  10:55  Marine x4  
  186  10:57  Terran Infantry Weapons Level 3  
  182  11:02  SCV x2  
  173  11:06  Marauder  
  175  11:15  Bunker, Drilling Claws  
  175  11:21  Barracks Tech Lab x2  
  175  11:28  Marauder, Marine  
  175  11:29  Marine  
  179  11:33  Terran Vehicle And Ship Armor Level 2  
  178  11:41  Marine  
  178  11:42  Marauder  
  178  11:43  Marine x2, Marauder  
  178  11:45  Terran Infantry Armor Level 3  
  185  11:49  Marauder  
  177  11:54  Medivac  
  177  11:55  Medivac  
  177  11:57  Marine  
  177  11:59  Marine  
  183  12:03  Marauder, Planetary Fortress  
  183  12:18  Marine, Marauder  
  172  12:24  Medivac  
  172  12:25  Marauder, Marine  
  172  12:26  Marauder  
  172  12:27  Thor  
  175  12:32  Marine  
  175  12:36  Marine  
  176  12:40  Marauder, Missile Turret  
  176  12:44  Marine  
  176  12:46  Marauder  
  176  12:47  Marauder, Medivac  
  180  12:56  Marine x2  
  180  12:58  Widow Mine x2  
  182  13:01  Marauder  
  188  13:06  Marine x2, Medivac  
  188  13:08  Marauder  
  188  13:12  Thor  
  196  13:17  Medivac  
  198  13:23  Command Center  
  198  13:26  Marine x3, Marauder  
  184  13:28  Marine x2, Marauder  
  184  13:29  Widow Mine  
  184  13:31  Liberator  
  184  13:33  Liberator  
  169  13:37  Widow Mine  
  171  13:46  Marine x3, Marauder  
  171  13:48  Marauder  
  178  13:54  Refinery  
  184  13:58  Marine  
  184  13:59  Marauder  
  186  14:07  Marine x3  
  186  14:08  Marauder  
  191  14:11  Thor, Widow Mine  
  191  14:16  Marine  
  200  14:26  Barracks  
  200  14:28  Barracks  
  196  14:42  Marine  
  196  14:43  Marine  
Tags
 
Add a new tag
Caveats
  • Supply blocks, unpowered buildings, or Contaminate may cause inaccurate times.
  • Supply counts are checked every 10 seconds.